 Dungeon Crawl Stone Soup version 0.31-a0-1008-g5b978dac0e (webtiles) character file.

Game seed: 10424217613814932423

43 Queen the Ruffian (level 3, 0/29 HPs)
             Began as a Draconian Shapeshifter on Nov 12, 2023.
             Shot with a sling bullet by a goblin (4 damage)
             ... led by Robin
             ... on level 2 of the Dungeon.
             The game lasted 00:04:02 (1652 turns).

Queen the Ruffian (Draconian Shapeshifter)          Turns: 1652, Time: 00:04:02

Health: 0/29       AC:  5    Str: 18    XL:     3   Next: 37%
Magic:  3/3        EV: 12    Int: 10    God:
Gold:   41         SH:  0    Dex: 10    Spells: 2/2 levels left

rFire   . .          .
                       - Unarmed
rCold   . . .        (no shield)
rNeg    . . .        (body armour unavailable)
rPois   .            (helmet currently unavailable)
rElec   .            (cloak currently unavailable)
rCorr   .            (gloves currently unavailable)
SInv    .            (boots currently unavailable)
Will    .....        (no amulet)
Stlth   +            (no ring)
HPRegen 0.24/turn    (no ring)
MPRegen 0.08/turn

%: no passive effects
@: beast-form
A: beast (slay +1), AC +5, unfitting armour, cold-blooded
a: Begin Untransformation


You were on level 2 of the Dungeon.
You were a hulking beast.
You visited 1 branch of the dungeon, and saw 2 of its levels.

You collected 71 gold pieces.
You spent 30 gold pieces at shops.

Inventory:

Talismans
 b - a beast talisman (active)
 c - a flux talisman
Potions
 a - a potion of lignification
 d - a potion of curing
 e - 2 potions of mutation {unknown}
 i - a potion of degeneration {unknown}


   Skills:
 + Level 2.0 Fighting
 + Level 2.3 Dodging
 + Level 3.4 Unarmed Combat
 + Level 3.3 Shapeshifting


You had 2 spell levels left.
You didn't know any spells.
Your spell library contained the following spells:

 Spells                   Type           Power      Damage    Failure   Level
 Alistair's Intoxication  Tmut/Pois      0%         N/A       100%        5
 Borgnjor's Vile Clutch   Necr/Erth      0%         N/A       100%        5
 Eringya's Noxious Bog    Tmut/Pois      0%         4d6       100%        6


Dungeon Overview and Level Annotations

Branches:
Dungeon (2/15)

Altars:

Shops:
D:1 !

Annotations:
D:2 1 runed translucent door, Crazy Yiuf, Robin


Innate Abilities, Weirdness & Mutations

You are a hulking beast.
Your limbs bulge with bestial killing power. (Slay +1)
Your plain brown scales are hard. (AC +5)
You cannot fit into any form of body armour.
You are cold-blooded and may be slowed by cold attacks.


Message History

You hit the hobgoblin.
The hobgoblin is heavily wounded.
The hobgoblin barely misses you.
You completely miss the hobgoblin. You tail-slap the hobgoblin.
You kill the hobgoblin!
You barely miss the goblin.
Your tail-slap misses the goblin.
Robin throws the goblin at you! The goblin hits you but does no damage.
The goblin barely misses you.
You closely miss the goblin.
Your tail-slap misses the goblin.
A goblin comes into view. It is wielding a +0 club.
A goblin comes into view. It is wielding a +0 dagger.
The goblin hits you but does no damage. The goblin hits you with a +0 club.
You closely miss the goblin.
The goblin shouts!
You tail-slap the goblin.
The goblin is severely wounded.
Robin roars a battlecry!
The goblins go into a battle-frenzy!
The goblin hits you but does no damage. The goblin hits you with a +0 club.
You closely miss the goblin.
The goblin is severely wounded.
A hobgoblin comes into view.
The goblin hits you but does no damage. The goblin barely misses you.
You closely miss the goblin.
The hobgoblin shouts!
Your tail-slap misses the goblin.
The goblin is severely wounded.
The goblin hits you with a +0 club. x2
You punch the goblin!
You kill the goblin!
Robin says, "Duck!"
Robin throws the goblin at you! The goblin hits you but does no damage.
The goblin barely misses you. The goblin hits you with a +0 dagger.
The goblin attacks as it pursues you! The goblin hits you with a +0 club.
* * * LOW HITPOINT WARNING * * *
You see here a +0 dagger.
The goblin unwields a +0 dagger.
The goblin wields a +0 sling.
The goblin shoots a sling bullet.
The sling bullet hits you.
You die...

###.####
#..#..#.#.......#.
.......#
#.##..............
.......# #.
#.....g......##
##.....###.
#....#g#...#.# #.....#..
#...##g##.#..# #.....#.#
#...##)# ...##
#.....#.####...##g####..
#####.#.........)g)......
#.#........h#......#.
#.........<.#:..##...
#..#).......#...# ##
#..#........#..>#
##.#........#####
###........# #........#
#........# #........#


You could see 2 goblins.

Vanquished Creatures
  2 bats (D:1)
  3 endoplasms (D:1)
  5 giant cockroaches
  8 hobgoblins
  4 kobolds
  A quokka (D:2)
  3 ball pythons (D:1)
  5 goblins
  4 rats
35 creatures vanquished.

Notes
Turn   | Place    | Note
-------+----------+-------------------------------------------
     0 | D:1      | Queen the Draconian Shapeshifter began the quest for the
                  | Orb.
     0 | D:1      | Reached XP level 1. HP: 16/16 MP: 1/1
    91 | D:1      | Found Maqot's Distillery.
    99 | D:1      | Bought a potion of curing for 30 gold pieces
   215 | D:1      | Reached XP level 2. HP: 23/23 MP: 2/2
   691 | D:1      | Reached XP level 3. HP: 23/29 MP: 3/3
  1178 | D:1      | Found Maqot's Distillery.
  1572 | D:2      | Found a runed translucent door.
  1573 | D:2      | Noticed Crazy Yiuf
  1624 | D:2      | Noticed Robin
  1652 | D:2      | Shot with a sling bullet by a goblin

Illustrated notes

Levels and vault maps discovered:
D:1:      dpeg_arrival_chambers_temple_mockup, layout_basic, serial_shops,
          nicolae_shop_crystal, minmay_pentomino_w2
D:2:      layout_rooms, uniq_robin, uniq_crazy_yiuf_cottage

Skill      XL: |  1  2  3 |
---------------+----------+-----
Dodging        | 2 |  2.3
Fighting       | 2 |  2.0
Unarmed Combat | |  3.4
Shapeshifting  | |  3.3

Action                     || total
---------------------------++-------
  Melee: Unarmed           ||    91
         Tailslap          ||    10
         Punch             ||     1
    Use: Scroll            ||     3
 Armour: Skin              ||    50
  Dodge: Dodged            ||    48
   Form: Beast             ||     2
                           ||     1

Table legend: (Time is in decaauts)
 A = Elapsed time spent in this place.
 B = Non-inter-level travel time spent in this place.
 C = Inter-level travel time spent in this place.
 D = Time resting spent in this place.
 E = Time spent auto-exploring this place.
 F = Levels seen in this place.
 G = Mean time per level.
                   A        B        C        D        E       F      G
               +--------+--------+--------+--------+--------+-----+--------+
         Total |   1647 |   1636 |     11 |      0 |   1416 |   2 |  823.5 |
       Dungeon |   1647 |   1636 |     11 |      0 |   1416 |   2 |  823.5 |
               +--------+--------+--------+--------+--------+-----+--------+

Top non-repeatable levels by time:
     D:1: 1518 daAuts
     D:2: 128 daAuts
